AoeStats
← agcoscojuela

Arena

508188351Analyzed
3v3 RM · 10d ago on Sep 21, 2026· 30m 53s· 6 players
Game mode
Random Map
Map size
Normal (6 player)
Population
200
Speed
Normal
Resources
Standard
Victory
Conquest
Starting age
Dark Age
Ending age
Imperial Age
RankedLock teamsTeams togetherTeam positionsShared explorationLock speedFull tech treeHidden civsTurbo modeCheats
Victory
Defeat
🇺🇸 Turks · United States
756
+11
🇮🇩 Malians · Indonesia
712
+13
🇦🇺 Franks · Australia
564
+19
🇮🇹 Japanese · Italy
685
-16
🇬🇧 Lithuanians · United Kingdom
674
-16
🇪🇸 Inca · Spain
559
-11
agcoscojuela
0:28 Loom
19:12 Feudal Age
20:48 Wheelbarrow
23:31 Castle Age
21:51 Horse Collar
22:00 Double-Bit Axe
22:08 Gold Mining
22:49 Fletching
24:38 Bodkin Arrow
25:18 Hand Cart
29:24 Imperial Age
27:27 Heavy Plow
27:44 Bow Saw
27:31 Stone Mining
28:35 Gold Shaft Mining
29:26 Stone Shaft Mining
29:43 Forging
29:34 Scale Mail Armor
Luke91
2:32 Loom
6:53 Loom
6:57 Loom
10:39 Feudal Age
11:01 Horse Collar
11:09 Double-Bit Axe
14:24 Gold Mining
15:05 Town Watch
16:46 Wheelbarrow
16:56 Stone Mining
24:21 Castle Age
22:32 Man-at-Arms
23:20 Scale Barding Armor
24:57 Scale Mail Armor
24:58 Padded Archer Armor
24:48 Fletching
24:47 Arson
25:45 Heavy Plow
27:10 Caravan
27:48 Fervor
29:14 Ballistics
28:35 Treadmill Crane
29:34 Hand Cart
29:37 Hand Cart
HolyKanolie
0:28 Loom
14:15 Feudal Age
15:58 Wheelbarrow
15:09 Town Watch
15:07 Horse Collar
15:14 Double-Bit Axe
16:47 Stone Mining
17:32 Fletching
26:35 Castle Age
25:51 Forging
25:48 Scale Barding Armor
26:22 Bloodlines
27:21 Town Patrol
28:32 Stone Shaft Mining
28:15 Hand Cart
28:17 Light Cavalry
28:58 Husbandry
ToasterBath3942
11:24 Feudal Age
16:33 Castle Age
14:52 Double-Bit Axe
19:29 Horse Collar
19:50 Stone Mining
28:15 Gold Mining
fat sandwiches
11:23 Feudal Age
19:24 Castle Age
17:50 Double-Bit Axe
18:07 Gold Mining
18:11 Stone Mining
20:31 Town Watch
21:58 Wheelbarrow
23:45 Loom
24:17 Hand Cart
27:20 Murder Holes
31:56 Imperial Age
29:43 Fortified Wall
BlueGuardian
9:17 Loom
11:24 Feudal Age
12:21 Double-Bit Axe
12:17 Horse Collar
19:17 Castle Age
17:31 Scale Mail Armor
17:49 Gold Mining
19:14 Wheelbarrow
18:44 Stone Mining
19:12 Arson
20:33 Forging
20:35 Man-at-Arms
22:40 Heavy Plow
25:59 Iron Casting
27:54 Bow Saw
31:56 Imperial Age
30:32 Stone Shaft Mining
30:52 Chain Mail Armor
31:19 Fletching
31:30 Padded Archer Armor
Connection lost

Rejoining the realm…

Still unreachable

The connection could not be restored.

Session expired

The server has moved on; the page needs a fresh start.